[Event "Titled Tuesday Blitz May 31 Early 2022"]
[White "Skliarov, Viktor"]
[Black "Turzo, Attila"]
[WhiteFideId "14106736"]
[BlackFideId "704954"]
[WhiteElo "2229"]
[BlackElo "2546"]
[Result "0-1"]
[Round "10"]
[TimeControl "180+1"]
[Date "2022.06.01"]
[WhiteClock "0:00:04"]
[BlackClock "0:00:06"]

1. e4 c5 2. Nf3 d6 3. d4 cxd4 4. Qxd4 a6 5. Be3 e5 6. Qd2 h6 7. Nc3 Nf6 8. O-O-O Be6 9. Nxe5 Nc6 10. Nc4 Bxc4 11. Bxc4 Be7 12. Nd5 O-O 13. Nxe7+ Qxe7 14. f3 Rfd8 15. Bb3 b5 16. h4 a5 17. a3 a4 18. Bd5 Rac8 19. Kb1 Nxd5 20. Qxd5 b4 21. Rd2 bxa3 22. bxa3 Rb8+ 23. Kc1 Qb7 24. Qa2 Ne5 25. Re1 Nc4 26. Rd4 Ne5 27. Rb4 Qc6 28. Bd4 Rxb4 29. axb4 Nc4 30. c3 Rc8 31. Re2 Ne5 32. Rc2 Nd3+ 33. Kd2 Nf4 34. Ke3 Ne6 35. Qd5 Qa6 36. Kf2 Qd3 37. Ra2 a3 38. Be3 Qa6 39. Qd2 Rd8 40. Bd4 Nxd4 41. cxd4 Rc8 42. Qe3 Ra8 43. b5 Qxb5 44. d5 Qc4 45. Kg3 Qxa2 46. Qf4 Qb3 47. Qxd6 Qb8 0-1


[Site "https://www.chess.com"]

[Event "Titled Tuesday Blitz May 31 Early 2022"]
[White "Stankovic, Ivan G"]
[Black "Tong, Hai Anh"]
[WhiteFideId "902837"]
[BlackFideId "12412805"]
[WhiteElo "2195"]
[BlackElo "1467"]
[Result "0-1"]
[Round "10"]
[TimeControl "180+1"]
[Date "2022.06.01"]
[WhiteClock "0:00:03"]
[BlackClock "0:00:05"]

1. e4 c6 2. d4 d5 3. e5 c5 4. dxc5 Nc6 5. Nf3 Bg4 6. Bb5 e6 7. Be3 Qc7 8. Bd4 Ne7 9. c3 Nf5 10. Nbd2 Be7 11. h3 Bh5 12. Bxc6+ Qxc6 13. b4 Bg6 14. O-O O-O 15. g4 Nh4 16. Nxh4 Bxh4 17. f4 f6 18. exf6 Bxf6 19. Nf3 Rae8 20. Ne5 Bxe5 21. Bxe5 Be4 22. Qd4 Qd7 23. Rae1 Qe7 24. Rxe4 dxe4 25. Qxe4 Qd7 26. Bd6 Rf7 27. Re1 Qc6 28. Qxc6 bxc6 29. Kg2 g6 30. Kf3 a5 31. Ke4 axb4 32. cxb4 Ra7 33. Re2 Rea8 34. Ke5 Kf7 35. b5 cxb5 36. Rb2 Ra5 37. Bc7 Rxa2 38. Rxb5 Re2+ 39. Kd6 Ra6+ 40. Rb6 Ra7 41. Kc6 Rc2 42. g5 Ra5 43. Bd6 Ra7 44. Rb7+ Rxb7 45. Kxb7 Ke8 46. c6 Kd8 47. Bc7+ Ke7 48. Be5 Kd8 49. Bf6+ Ke8 50. c7 Kd7 51. Be5 Rb2+ 52. Ka6 Rc2 53. Kb7 Rc1 54. Ka6 Kc8 55. Kb6 Rh1 56. Kc6 Rxh3 57. Kd6 h6 58. Kxe6 hxg5 59. fxg5 Rf3 60. Bd6 Rf5 0-1


[Site "https://www.chess.com"]

[Event "Titled Tuesday Blitz May 31 Early 2022"]
[White "Stevens, Christian"]
[Black "Hua, Lefong"]
[WhiteFideId "2604450"]
[BlackFideId "2602253"]
[WhiteElo "2494"]
[BlackElo "2624"]
[Result "1/2-1/2"]
[Round "10"]
[TimeControl "180+1"]
[Date "2022.06.01"]
[WhiteClock "0:00:03"]
[BlackClock "0:00:41"]

1. d4 Nf6 2. c4 c5 3. d5 e6 4. Nc3 exd5 5. cxd5 d6 6. e4 g6 7. f4 Bg7 8. Nf3 O-O 9. Bd3 Bg4 10. O-O a6 11. a4 Nbd7 12. h3 Bxf3 13. Qxf3 Ne8 14. Kh1 Nc7 15. a5 Rb8 16. e5 dxe5 17. f5 b5 18. d6 Ne8 19. Ne4 c4 20. Bc2 Ndf6 21. Bg5 h6 22. Bxf6 Nxf6 23. fxg6 fxg6 24. Rad1 Qxa5 25. Nxf6+ Bxf6 26. Bxg6 Qd8 27. Qg4 Bg7 28. Qe6+ Kh8 29. Rxf8+ Qxf8 30. d7 Rd8 31. Be8 Qf6 32. Qxf6 Bxf6 33. Rd6 Kg7 34. Rxa6 e4 35. Rb6 Bxb2 36. Rxb5 c3 37. Rc5 Kf6 38. Kg1 Ke7 39. Kf2 Kd6 40. Rc8 Ke7 41. Ke3 Bc1+ 42. Kxe4 Bd2 43. Kd3 Be1 44. g4 Bd2 45. h4 Be1 46. g5 hxg5 47. hxg5 Bh4 48. g6 Bf6 49. Ke4 Bg7 50. Kd3 Bf6 51. Rxc3 Bxc3 52. Kxc3 Kf6 53. Kc4 Rxd7 54. Bxd7 Kxg6 1/2-1/2


[Site "https://www.chess.com"]

[Event "Titled Tuesday Blitz May 31 Early 2022"]
[White "Stribuk, Artiom"]
[Black "Wagner, Dinara"]
[WhiteFideId "13515659"]
[BlackFideId "24157570"]
[WhiteElo "2259"]
[BlackElo "2216"]
[Result "1-0"]
[Round "10"]
[TimeControl "180+1"]
[Date "2022.06.01"]
[WhiteClock "0:00:09"]
[BlackClock "0:00:32"]

1. d4 Nf6 2. c4 e6 3. g3 d5 4. Nf3 dxc4 5. Bg2 a6 6. Ne5 Bb4+ 7. Nc3 Nd5 8. Qc2 Nb6 9. a3 Be7 10. e3 N8d7 11. Nxd7 Qxd7 12. Bd2 O-O 13. O-O c5 14. dxc5 Bxc5 15. Ne4 Be7 16. Rfd1 Qa4 17. Rac1 Qxc2 18. Rxc2 Bd7 19. Nc3 Rab8 20. Be1 Rfc8 21. Rdc1 Bc6 22. Bf1 Bf6 23. Be2 h6 24. f3 Nd5 25. Kf2 b5 26. Ne4 Be7 27. Rd1 f5 28. Nc3 Bc5 29. Nxd5 Bxd5 30. Bc3 Kf7 31. Rcd2 g5 32. Bd4 Rb7 33. Bxc5 Rxc5 34. Rd4 c3 35. bxc3 Rxc3 36. e4 fxe4 37. fxe4 Bc6 38. Rd6 Bxe4 39. Rxa6 Rc2 40. Ke3 Bf5 41. g4 Bg6 42. Rdd6 Rbc7 43. Rxe6 R7c3+ 44. Kd4 Rxa3 45. Rf6+ Ke7 46. Rae6+ Kd7 47. Bxb5+ Kc7 48. Rxg6 Rd2+ 49. Kc4 Rc3+ 50. Kxc3 Rd1 51. Rc6+ Kb7 52. Rxh6 Rc1+ 53. Kd2 Rb1 54. Bd3 Rb2+ 55. Bc2 Rb4 56. h3 Rd4+ 57. Kc1 Rf4 58. Rcg6 Rf1+ 59. Kb2 Rf8 60. Rxg5 Kc7 61. Rg7+ Kb8 62. Rb6+ Ka8 63. Be4# 1-0


[Site "https://www.chess.com"]

[Event "Titled Tuesday Blitz May 31 Early 2022"]
[White "Swiercz, Dariusz"]
[Black "Eljanov, Pavel"]
[WhiteFideId "1126881"]
[BlackFideId "14102951"]
[WhiteElo "2627"]
[BlackElo "2601"]
[Result "1-0"]
[Round "10"]
[TimeControl "180+1"]
[Date "2022.05.31"]
[WhiteClock "0:01:00"]
[BlackClock "0:00:59"]

1. e4 c6 2. d4 d5 3. e5 Bf5 4. h4 h5 5. Bd3 Bxd3 6. Qxd3 Qa5+ 7. Nd2 e6 8. Nf3 Nh6 9. O-O Nf5 10. Nb3 Qa6 11. Qd1 Nd7 12. a4 g6 13. Bg5 Bg7 14. a5 O-O 15. Re1 Rac8 16. g3 c5 17. c3 Rfe8 18. Qe2 Qxe2 19. Rxe2 cxd4 20. Nbxd4 Nxd4 21. cxd4 Rc4 22. Re3 Rb4 23. Rc3 a6 24. Rac1 Nb8 25. Rc8 1-0


[Site "https://www.chess.com"]

[Event "Titled Tuesday Blitz May 31 Early 2022"]
[White "Vidit, Santosh Gujrathi"]
[Black "Vokhidov, Shamsiddin"]
[WhiteFideId "5029465"]
[BlackFideId "14204223"]
[WhiteElo "2654"]
[BlackElo "2611"]
[Result "1-0"]
[Round "10"]
[TimeControl "180+1"]
[Date "2022.05.31"]
[WhiteClock "0:02:35"]
[BlackClock "0:02:07"]

1. e4 c5 2. Nf3 d6 3. d4 cxd4 4. Nxd4 Nf6 5. Nc3 Nc6 6. Bg5 e6 7. Qd2 a6 8. O-O-O Bd7 9. f3 Nxd4 10. Qxd4 h6 11. Be3 Bc6 12. Kb1 d5 13. e5 Nd7 14. f4 Bc5 15. Qd2 Bxe3 16. Qxe3 g5 17. h4 gxf4 18. Qxf4 Qc7 19. Re1 f6 20. Qg4 Nxe5 21. Qxe6+ Qe7 22. Qf5 Bd7 23. Qh5+ Qf7 24. Rxe5+ Kf8 25. Qxf7+ Kxf7 26. Rxd5 Bc6 27. Rd2 Rae8 28. Bc4+ Kg7 29. Bd5 Rd8 30. Rhd1 Be8 31. Bxb7 Rb8 32. Bxa6 Bh5 33. Rd7+ Kg6 34. Bd3+ f5 35. Rf1 Bg4 36. Nd5 Rhf8 37. Ne3 Kh5 38. Nxg4 fxg4 39. Rxf8 Rxf8 40. a4 Kxh4 41. a5 Kg3 42. Be4 h5 43. a6 Kf4 44. Bb7 h4 45. a7 1-0


[Site "https://www.chess.com"]

[Event "Titled Tuesday Blitz May 31 Early 2022"]
[White "Vlachos, Anatole"]
[Black "Gaehwiler, Gabriel"]
[WhiteFideId "26093189"]
[BlackFideId "1314530"]
[WhiteElo "2361"]
[BlackElo "2383"]
[Result "1/2-1/2"]
[Round "10"]
[TimeControl "180+1"]
[Date "2022.05.31"]
[WhiteClock "0:00:39"]
[BlackClock "0:00:44"]

1. Nf3 Nf6 2. g3 b6 3. Bg2 Bb7 4. O-O g6 5. d3 Bg7 6. e4 O-O 7. Re1 c5 8. e5 Ne8 9. c3 d6 10. d4 cxd4 11. cxd4 dxe5 12. dxe5 Qxd1 13. Rxd1 Nc6 14. Nc3 Rc8 15. Bf4 Nc7 16. Nd4 Ne6 17. Nxc6 Bxc6 18. Bxc6 Rxc6 19. Nd5 Re8 20. h4 Nxf4 21. gxf4 f6 22. exf6 Bxf6 23. Nxf6+ Rxf6 24. Rd4 Kf7 25. Rc1 Rd6 26. Re4 Rd7 27. Kg2 Red8 28. Kg3 Rd3+ 29. f3 R8d7 30. Rc2 Rd1 31. Re5 Rg1+ 32. Kh2 Rf1 33. Kg2 Rfd1 34. Rce2 R1d6 35. f5 Rf6 36. fxg6+ hxg6 37. Kg3 Rc7 38. f4 Rd7 39. R2e3 Rc7 40. Kg4 Rd7 41. b4 Rc7 42. b5 Rd7 43. R3e4 Rc7 44. Re3 Rd7 45. R3e4 Rc7 46. Re3 1/2-1/2


[Site "https://www.chess.com"]

[Event "Titled Tuesday Blitz May 31 Early 2022"]
[White "Wagner, Dennis"]
[Black "Nasir, Zehn"]
[WhiteFideId "24650684"]
[BlackFideId "2613239"]
[WhiteElo "2355"]
[BlackElo "1993"]
[Result "0-1"]
[Round "10"]
[TimeControl "180+1"]
[Date "2022.05.31"]
[WhiteClock "0:00:03"]
[BlackClock "0:00:03"]

1. e4 c6 2. c4 d5 3. exd5 cxd5 4. d4 Nf6 5. Nc3 e6 6. Nf3 Bb4 7. cxd5 Nxd5 8. Bd2 Nc6 9. Bd3 O-O 10. O-O Nf6 11. Be3 b6 12. Rc1 Bb7 13. Bb1 Ne7 14. Ne5 Ng6 15. Qe2 Rc8 16. Rfd1 Nd5 17. Qd3 Nxe3 18. fxe3 Qg5 19. Ne4 Qf5 20. Rxc8 Rxc8 21. Nxg6 hxg6 22. a3 Be7 23. Rf1 Qd5 24. Qe2 f5 25. Nc3 Qd6 26. Ba2 Bf6 27. Qb5 a6 28. Qb3 Re8 29. Na4 b5 30. Nc3 Qc6 31. Rf2 Kf8 32. Qd1 Rd8 33. Qf1 Bh4 34. Rd2 Bg5 35. Qf2 Qd6 36. Bb3 Bh6 37. Bd1 Qe7 38. Bf3 Bxf3 39. Qxf3 Qg5 40. Rd3 e5 41. Ne4 Qe7 42. Nc5 e4 43. Qd1 exd3 44. Qb3 Bxe3+ 0-1


[Site "https://www.chess.com"]

[Event "Titled Tuesday Blitz May 31 Early 2022"]
[White "Yilmaz, Mustafa"]
[Black "Pichot, Alan"]
[WhiteFideId "6302718"]
[BlackFideId "110973"]
[WhiteElo "2568"]
[BlackElo "2579"]
[Result "0-1"]
[Round "10"]
[TimeControl "180+1"]
[Date "2022.05.31"]
[WhiteClock "0:00:02"]
[BlackClock "0:00:09"]

1. d4 Nf6 2. c4 e6 3. Nf3 d5 4. g3 Be7 5. Bg2 O-O 6. O-O dxc4 7. Qa4 a6 8. Qxc4 b5 9. Qc2 Bb7 10. Bd2 Be4 11. Qc1 c6 12. a4 Nbd7 13. Be3 Rc8 14. Nbd2 Bd5 15. axb5 cxb5 16. Qb1 a5 17. Bf4 Qb6 18. e4 Bb7 19. h3 Bb4 20. Be3 Qc7 21. g4 Qc2 22. e5 Bxd2 23. exf6 Bxf3 24. fxg7 Bxg2 25. gxf8=Q+ Kxf8 26. Bxd2 Bxf1 27. Bh6+ Ke8 28. Qxf1 Qxb2 29. Rb1 Qxd4 30. Qxb5 Rb8 31. Qf1 Rxb1 32. Qxb1 a4 33. Qc2 Kd8 34. Bc1 Qb4 35. Kg2 Qb5 36. Ba3 Nb6 0-1


[Site "https://www.chess.com"]

[Event "Titled Tuesday Blitz May 31 Early 2022"]
[White "Yuan, Qingyu"]
[Black "Ezat, Mohamed"]
[WhiteFideId "8609772"]
[BlackFideId "10600906"]
[WhiteElo "2359"]
[BlackElo "2386"]
[Result "0-1"]
[Round "10"]
[TimeControl "180+1"]
[Date "2022.05.31"]
[WhiteClock "0:00:04"]
[BlackClock "0:00:14"]

1. e4 e5 2. Nf3 Nc6 3. Bc4 Nf6 4. d3 h6 5. c3 Bc5 6. d4 exd4 7. e5 d5 8. Bb5 Ne4 9. cxd4 Bb4+ 10. Nbd2 O-O 11. O-O Bg4 12. Bxc6 Bxd2 13. Bxb7 Bxc1 14. Bxa8 Bf4 15. Bc6 Nd2 16. Qxd2 Bxd2 17. Nxd2 Qg5 18. f4 Qg6 19. Bxd5 Qd3 20. Nb3 a5 21. h3 Be2 22. Rf2 a4 23. Nc1 Qxd4 24. Nxe2 Qxd5 25. Nc3 Qc4 26. a3 Rd8 27. Re1 g6 28. Re4 Qc5 29. Re2 Kg7 30. Kh2 Rd4 31. f5 gxf5 32. Rxf5 Rd7 33. Ne4 Qc4 34. Re3 Rd3 35. Re1 Qe6 0-1


[Site "https://www.chess.com"]

[Event "Titled Tuesday Blitz May 31 Early 2022"]
[White "Zaloznyy, Mike"]
[Black "Dudzinski, Pawel"]
[WhiteFideId "2023075"]
[BlackFideId "1117890"]
[WhiteElo "2003"]
[BlackElo "2011"]
[Result "0-1"]
[Round "10"]
[TimeControl "180+1"]
[Date "2022.06.01"]
[WhiteClock "0:00:01"]
[BlackClock "0:00:13"]

1. Nf3 g6 2. b3 Bg7 3. d4 f5 4. Bb2 d6 5. e3 Nf6 6. c4 O-O 7. Be2 Nc6 8. Nc3 e5 9. dxe5 Nxe5 10. Nxe5 dxe5 11. Qxd8 Rxd8 12. Rd1 Be6 13. O-O c6 14. Rxd8+ Rxd8 15. Rd1 Rxd1+ 16. Bxd1 e4 17. Ne2 Kf7 18. Nf4 Bd7 19. b4 g5 20. Nh5 Nxh5 21. Bxh5+ Kf8 22. Bxg7+ Kxg7 23. Be2 Be6 24. Kf1 b6 25. Ke1 c5 26. a3 cxb4 27. axb4 Kf6 28. Kd2 Ke5 29. Kc3 f4 30. c5 bxc5 31. bxc5 a5 32. Bd1 Ba2 33. Bc2 h5 34. c6 Be6 35. c7 Kd6 36. Kd4 Kxc7 37. Kxe4 fxe3 38. Kxe3 Kd6 39. f4 g4 40. f5 Bd7 41. Kf4 a4 42. Kg5 a3 43. Bb3 Ke7 44. f6+ Kf8 45. Kxh5 Be8+ 46. Kxg4 Bf7 47. Bxf7 Kxf7 48. Kh5 a2 49. g4 a1=Q 50. g5 Qe5 51. h4 Qf5 52. Kh6 Qg6# 0-1


[Site "https://www.chess.com"]

[Event "Titled Tuesday Blitz May 31 Early 2022"]
[White "Zhigalko, Sergei"]
[Black "Jobava, Baadur"]
[WhiteFideId "13502956"]
[BlackFideId "13601520"]
[WhiteElo "2662"]
[BlackElo "2617"]
[Result "0-1"]
[Round "10"]
[TimeControl "180+1"]
[Date "2022.05.31"]
[WhiteClock "0:00:01"]
[BlackClock "0:00:51"]

1. e4 e6 2. d4 d5 3. e5 c5 4. c3 Nc6 5. Nf3 Bd7 6. Be2 Rc8 7. O-O a6 8. dxc5 Bxc5 9. c4 Nge7 10. Nc3 O-O 11. cxd5 exd5 12. Bg5 h6 13. Bh4 Be6 14. Rc1 Ba7 15. a3 Qd7 16. Bd3 Bg4 17. Re1 Nf5 18. Bxf5 Qxf5 19. Nxd5 Rfe8 20. h3 Bxf3 21. Qxf3 Qxf3 22. gxf3 Bd4 23. f4 Bxb2 24. Rb1 Bxa3 25. Rxb7 Nd4 26. Kg2 Nf5 27. Bg3 h5 28. Ne3 Nxg3 29. fxg3 Red8 30. Re2 Rc3 31. Nf5 Bf8 32. h4 g6 33. Ne3 a5 34. Nf1 Re8 35. Ra7 Bb4 0-1


[Site "https://www.chess.com"]

[Event "Titled Tuesday Blitz May 31 Early 2022"]
[White "Agasarov, Benik"]
[Black "Harvey, Marcus R"]
[WhiteFideId "13314823"]
[BlackFideId "400092"]
[WhiteElo "2616"]
[BlackElo "2485"]
[Result "0-1"]
[Round "11"]
[TimeControl "180+1"]
[Date "2022.05.31"]
[WhiteClock "0:01:00"]
[BlackClock "0:01:18"]

1. e4 c5 2. Nf3 d6 3. d4 cxd4 4. Nxd4 Nf6 5. Nc3 a6 6. Bg5 e6 7. f4 Be7 8. Qf3 Qc7 9. O-O-O Nbd7 10. g4 h6 11. Bxf6 Bxf6 12. h4 Nb6 13. g5 Bxd4 14. Rxd4 Qc5 15. Rd2 Bd7 16. g6 O-O 17. Bh3 Nc4 18. Rg2 b5 19. Rhg1 b4 20. Nd1 f5 21. exf5 Bc6 22. Qe2 Bxg2 23. Bxg2 Rae8 24. Re1 Rxf5 25. Bh3 Rxf4 26. Bxe6+ Kh8 27. Qh2 Rf6 28. Qh3 Ne5 29. Bf7 Nd3+ 30. Qxd3 Rxe1 31. Qh3 Rff1 0-1


[Site "https://www.chess.com"]

[Event "Titled Tuesday Blitz May 31 Early 2022"]
[White "Agibileg, Uurtsaikh"]
[Black "Sadhwani, Raunak"]
[WhiteFideId "4901606"]
[BlackFideId "35093487"]
[WhiteElo "2205"]
[BlackElo "2616"]
[Result "0-1"]
[Round "11"]
[TimeControl "180+1"]
[Date "2022.05.31"]
[WhiteClock "0:00:02"]
[BlackClock "0:00:34"]

1. d4 Nf6 2. c4 g6 3. Nc3 Bg7 4. e4 d6 5. Be2 O-O 6. Nf3 Bg4 7. O-O e5 8. d5 a5 9. Ne1 Bxe2 10. Qxe2 Na6 11. Nd3 Nd7 12. Be3 b6 13. a3 f5 14. f3 Nac5 15. Nxc5 bxc5 16. b3 f4 17. Bf2 g5 18. Qb2 Rb8 19. Nb5 h5 20. b4 axb4 21. axb4 cxb4 22. Qxb4 g4 23. Kh1 Rf7 24. Ra7 Bf8 25. Qa5 Nb6 26. Rxc7 Nxc4 27. Qa7 Rxc7 28. Nxc7 Qc8 29. Ne6 Ra8 30. Qc7 Qxc7 31. Nxc7 Ra2 32. Bh4 Nd2 33. Rg1 gxf3 34. gxf3+ Kf7 35. Ne6 Nxf3 36. Ng5+ Nxg5 37. Rxg5 Re2 38. Rf5+ Ke8 39. Rxh5 Rxe4 40. Rh7 Rd4 41. Kg2 f3+ 42. Kxf3 Rxd5 43. Ke4 Rd2 44. Bg5 Rf2 45. h4 Rf7 46. Rh8 Kd7 47. h5 Ke6 48. h6 d5+ 49. Kd3 Kf5 50. h7 e4+ 51. Ke2 d4 52. Rg8 d3+ 0-1


[Site "https://www.chess.com"]

[Event "Titled Tuesday Blitz May 31 Early 2022"]
[White "Alinasab, Mobina"]
[Black "Kamsky, Gata"]
[WhiteFideId "12528897"]
[BlackFideId "2000024"]
[WhiteElo "2031"]
[BlackElo "2645"]
[Result "0-1"]
[Round "11"]
[TimeControl "180+1"]
[Date "2022.05.31"]
[WhiteClock "0:00:05"]
[BlackClock "0:00:35"]

1. e4 c5 2. Nf3 Nc6 3. d4 cxd4 4. Nxd4 Qb6 5. Nb3 Nf6 6. Nc3 e6 7. g3 a6 8. Bg2 Qc7 9. O-O b5 10. Re1 d6 11. Nd4 Nxd4 12. Qxd4 Bb7 13. a4 bxa4 14. Rxa4 Be7 15. Rc4 Qd7 16. Bg5 Rb8 17. Rd1 h6 18. Bc1 e5 19. Qb6 O-O 20. Qe3 Rfc8 21. Rxc8+ Qxc8 22. b3 Qc7 23. Bb2 Rc8 24. Bh3 Rd8 25. Bg2 Bc6 26. Rd2 Qb7 27. Qd3 g6 28. Nd5 Nxd5 29. exd5 Bb5 30. c4 Bd7 31. Ba3 Rb8 32. b4 Qc8 33. Qe3 Bf8 34. c5 Bb5 35. Rc2 Qg4 36. Bf3 Qf5 37. Be4 Qh3 38. Bg2 Qg4 39. Bf3 Qh3 40. c6 Qf1# 0-1


[Site "https://www.chess.com"]

[Event "Titled Tuesday Blitz May 31 Early 2022"]
[White "Ambartsumova, Karina"]
[Black "Ismayil, Malak"]
[WhiteFideId "4166299"]
[BlackFideId "13412604"]
[WhiteElo "2262"]
[BlackElo "1879"]
[Result "0-1"]
[Round "11"]
[TimeControl "180+1"]
[Date "2022.06.01"]
[WhiteClock "0:00:01"]
[BlackClock "0:00:08"]

1. e4 e5 2. Nf3 Nc6 3. Bc4 Bc5 4. O-O Nf6 5. d4 Bxd4 6. Nxd4 Nxd4 7. Bg5 Ne6 8. f4 h6 9. fxe5 hxg5 10. exf6 gxf6 11. Nc3 Qe7 12. Kh1 c6 13. e5 fxe5 14. Bxe6 Qxe6 15. Ne4 d5 16. Rf6 Qg4 17. Nd6+ Ke7 18. Qf1 Be6 19. Nxf7 Rhf8 20. Qf2 Rxf7 21. Rxf7+ Bxf7 22. Rf1 Qe6 23. Qc5+ Kd7 24. c4 Rh8 25. Qxa7 Kc7 26. cxd5 Qxd5 27. Qe3 Be6 28. b3 Qd6 29. Qxg5 Rg8 30. Qe3 Bd5 31. Rg1 Qg6 32. Qxe5+ Kb6 33. Qe3+ Kc7 34. Qf2 Qe4 35. h3 Qe6 36. Qf4+ Kc8 37. Kh2 Qg6 38. b4 Qc2 39. Qg4+ Rxg4 40. hxg4 Qe4 41. Kg3 Qh7 42. Rf1 Qd3+ 43. Kf2 Qd2+ 0-1


[Site "https://www.chess.com"]

[Event "Titled Tuesday Blitz May 31 Early 2022"]
[White "Andreikin, Dmitry"]
[Black "Bortnyk, Olexandr"]
[WhiteFideId "4158814"]
[BlackFideId "14120828"]
[WhiteElo "2736"]
[BlackElo "2723"]
[Result "1/2-1/2"]
[Round "11"]
[TimeControl "180+1"]
[Date "2022.05.31"]
[WhiteClock "0:00:11"]
[BlackClock "0:00:05"]

1. d4 d6 2. Nf3 Nf6 3. c4 g6 4. Nc3 Bf5 5. g3 Bg7 6. Bg2 O-O 7. O-O Ne4 8. Nd5 c6 9. Ne3 Be6 10. b3 f5 11. Bb2 Nd7 12. Rb1 d5 13. cxd5 cxd5 14. Ne5 Nxe5 15. dxe5 f4 16. Nc2 fxg3 17. hxg3 Qb6 18. Qd4 Rfc8 19. Rbc1 Qxd4 20. Bxd4 a5 21. Na3 a4 22. Nb5 axb3 23. Nc7 Nd2 24. Nxa8 Rxa8 25. axb3 Nxf1 26. Kxf1 Ra3 27. f4 Rxb3 28. Rc7 Bf8 29. Kf2 Kf7 30. Rc5 Rb4 31. e3 b6 32. Rc6 b5 33. Rb6 Rb1 34. Bf1 b4 35. Bd3 Rb3 36. Bc2 Ra3 37. Rxb4 Ra2 38. Rb2 Rxb2 39. Bxb2 Bf5 40. Ba4 e6 41. Bd4 h5 42. Bb5 Bb4 43. Ba4 Ke7 44. Bb5 Kf7 45. Ba4 Be7 46. Bb5 g5 47. Be2 Kg6 48. Bf3 g4 49. Bg2 h4 50. gxh4 Bxh4+ 51. Ke2 Be4 52. Bxe4+ dxe4 53. Kf1 Kf5 54. Kg2 Be1 55. Kf1 Ba5 56. Kg2 Bb4 57. Kg3 Be1+ 58. Kg2 g3 59. Kh3 Bf2 60. Bc5 Kg6 61. Bd4 Kf7 62. Bc5 Ke8 63. Kg2 Kd7 64. Bb6 Ke7 65. Bc5+ Kd8 66. Bb6+ Kd7 67. Bc5 Kc6 68. Bd4 Kd5 69. Bb6 Be1 70. Bd4 Kc6 71. Ba7 Kd7 72. Bd4 Ke8 73. Bc5 Kf7 74. Bd4 Kg6 75. Kh3 Bf2 76. Bc5 Kf5 77. Bd4 Be1 78. Bc5 Kg6 79. Bd4 Kf7 80. Bc5 Ke8 81. Bd4 Kd8 82. Bc5 Kd7 83. Bd4 Kc6 84. Kg2 Kb5 85. Ba7 Kc6 86. Bd4 Kd5 87. Bb6 Kc6 88. Bd4 1/2-1/2


[Site "https://www.chess.com"]

[Event "Titled Tuesday Blitz May 31 Early 2022"]
[White "Atakhan, Abtin"]
[Black "Aravindh, Chithambaram VR."]
[WhiteFideId "22502203"]
[BlackFideId "5072786"]
[WhiteElo "2094"]
[BlackElo "2561"]
[Result "0-1"]
[Round "11"]
[TimeControl "180+1"]
[Date "2022.05.31"]
[WhiteClock "0:00:06"]
[BlackClock "0:00:45"]

1. d4 d6 2. Nf3 Nf6 3. g3 b5 4. Bg2 Bb7 5. O-O Nbd7 6. c3 g6 7. a4 a6 8. Na3 Bg7 9. Bf4 Rb8 10. Re1 O-O 11. Qc1 bxa4 12. Nc2 c5 13. Rxa4 cxd4 14. cxd4 Qc7 15. Qd1 Nb6 16. Ra1 Rfc8 17. Nb4 Nbd5 18. Nxa6 Bxa6 19. Rxa6 Nxf4 20. gxf4 Rxb2 21. Qd3 Nd5 22. Qe4 e6 23. Raa1 Qc2 24. Qxc2 Rcxc2 25. Ra8+ Bf8 26. e3 Rxf2 27. Bh1 Rfe2 28. Ra3 Be7 29. Kf1 Rxe1+ 30. Kxe1 Rb1+ 0-1


[Site "https://www.chess.com"]

[Event "Titled Tuesday Blitz May 31 Early 2022"]
[White "Avazkhonov, Alikhon"]
[Black "Piliczewski, Bogusz"]
[WhiteFideId "14208504"]
[BlackFideId "1104144"]
[WhiteElo "1739"]
[BlackElo "1896"]
[Result "1-0"]
[Round "11"]
[TimeControl "180+1"]
[Date "2022.06.01"]
[WhiteClock "0:00:22"]
[BlackClock "0:00:03"]

1. e4 c6 2. Nc3 d5 3. Nf3 Bg4 4. h3 Bxf3 5. Qxf3 dxe4 6. Nxe4 e6 7. c3 Nd7 8. d4 Ngf6 9. Bc4 Nxe4 10. Qxe4 Nf6 11. Qe2 Be7 12. O-O O-O 13. Bg5 h6 14. Bh4 Nd5 15. Bg3 Bd6 16. f4 Qc7 17. Qf3 Rae8 18. Rae1 b5 19. Bd3 a6 20. Re5 f6 21. Re2 f5 22. Kh2 Qd7 23. Rfe1 Nc7 24. Bf2 Nd5 25. g3 Re7 26. Bc2 Rfe8 27. b3 Nc7 28. c4 Bb4 29. Rd1 bxc4 30. bxc4 a5 31. a3 Bd6 32. c5 Nd5 33. cxd6 Qxd6 34. Bb3 g6 35. Bxd5 cxd5 36. Rc2 Rc7 37. Rdc1 Rec8 38. Rxc7 Rxc7 39. Rxc7 Qxc7 40. Qe3 Kf7 41. Kg2 h5 42. Be1 a4 43. Qc3 Qxc3 44. Bxc3 Ke7 45. Bb4+ Kd7 46. Kf3 Kc6 47. Ke3 Kb5 48. Kd3 Kc6 49. Kc3 Kb5 50. h4 Kc6 51. Be7 Kb5 52. Bd8 Kc6 53. Kb4 Kd7 54. Bg5 Kc6 55. Kxa4 Kb6 56. Kb4 Ka6 57. a4 Kb6 58. a5+ Ka6 59. Kc5 Kxa5 60. Kd6 Kb4 61. Kxe6 Kc4 62. Ke5 Kd3 63. Kxd5 Ke3 64. Ke5 Kf3 65. d5 Kxg3 66. d6 Kf3 67. d7 Ke3 68. d8=Q Kf3 69. Qf6 Kg4 70. Qxg6 Kf3 71. Qxh5+ Ke3 72. Qg6 Kf3 73. h5 Kg4 74. h6 Kf3 75. h7 Ke3 76. h8=Q Kf3 77. Qh3+ Ke2 78. Bf6 Kf2 79. Qgg2+ Ke1 80. Qhh1# 1-0


[Site "https://www.chess.com"]

[Event "Titled Tuesday Blitz May 31 Early 2022"]
[White "Bachmann, Axel"]
[Black "Priasmoro, Novendra"]
[WhiteFideId "3700488"]
[BlackFideId "7105029"]
[WhiteElo "2587"]
[BlackElo "2309"]
[Result "1-0"]
[Round "11"]
[TimeControl "180+1"]
[Date "2022.05.31"]
[WhiteClock "0:01:24"]
[BlackClock "0:00:01"]

1. e4 e5 2. Bc4 Nf6 3. d3 c6 4. Nf3 d5 5. Bb3 Bd6 6. Nc3 O-O 7. Bg5 h6 8. Bxf6 Qxf6 9. exd5 Qg6 10. Qe2 a5 11. a3 a4 12. Ba2 b5 13. Ne4 Bg4 14. h3 Bxf3 15. Qxf3 c5 16. h4 h5 17. Rh3 Nd7 18. Rg3 Qh6 19. Qf5 Rad8 20. Rg5 1-0


[Site "https://www.chess.com"]

[Event "Titled Tuesday Blitz May 31 Early 2022"]
[White "Barp, Alberto"]
[Black "Harsha Bharathakoti"]
[WhiteFideId "872555"]
[BlackFideId "5078776"]
[WhiteElo "2229"]
[BlackElo "2575"]
[Result "0-1"]
[Round "11"]
[TimeControl "180+1"]
[Date "2022.05.31"]
[WhiteClock "0:00:09"]
[BlackClock "0:00:11"]

1. d4 Nf6 2. c4 g6 3. Nf3 Bg7 4. Nc3 O-O 5. Bg5 c5 6. e3 cxd4 7. exd4 d5 8. cxd5 Nxd5 9. Bc4 Nxc3 10. bxc3 Nc6 11. O-O Na5 12. Bd3 Be6 13. Qe2 Re8 14. Rac1 Bd5 15. Nd2 Nc6 16. Nb3 Bxg2 17. Kxg2 Qd5+ 18. Be4 Qxg5+ 19. Kh1 Rac8 20. f4 Qh4 21. f5 e6 22. fxg6 hxg6 23. Qg2 Ne7 24. Bxb7 Rc7 25. Be4 Nf5 26. Bxf5 exf5 27. Nc5 Rce7 28. Rc2 Re3 29. Qf2 Qh5 30. Nd7 Re2 31. Rxe2 Rxe2 32. Qg3 Rxa2 33. Ne5 Qe2 34. Re1 Qb2 35. Nc6 Bf6 36. Qh3 Kg7 37. Ne5 Qb7+ 38. Qf3 Qxf3+ 39. Nxf3 Rc2 40. Re3 a5 41. Ne5 a4 42. Nc4 Bxd4 43. cxd4 Rxc4 44. d5 Rd4 45. Ra3 Kf6 0-1


[Site "https://www.chess.com"]